 Dungeon Crawl Stone Soup version 0.22-a0-83-g218e7ff (webtiles) character file.

105 wvc the Cutter (level 4, -4/42 HPs)
             Began as a Naga Wanderer on Jan 19, 2018.
             Slain by a gnoll
             ... wielding a +0 flail
              (5 damage)
             ... on level 4 of the Dungeon.
             The game lasted 00:03:58 (2115 turns).

wvc the Cutter (Naga Wanderer)                      Turns: 2115, Time: 00:03:59

Health: -4/42      AC:  3    Str: 12    XL:     4   Next: 83%
Magic:  4/4        EV:  7    Int: 12    God:
Gold:   78         SH:  0    Dex: 14    Spells: 3/3 levels left

rFire    . . .     SeeInvis +   m - +2 dagger (drain)
rCold    . . .     Gourm    .   (no shield)
rNeg     . . .     Faith    .   l - +0 ring mail
rPois    +         Spirit   .   (no helmet)
rElec    .         Reflect  .   (no cloak)
rCorr    .         Harm     .   (no gloves)
MR       .....                  (no barding)
Stlth    ++........             (no amulet)
HPRegen  0.14/turn              e - +1 ring of protection
MPRegen  0.09/turn              j - -2 ring of protection (curse)

@: short of breath, very slow
A: large, see invisible, deformed body, poison resistance, slowness 2, slow
metabolism 1, spit poison 1, AC +1
a: Spit Poison


You were on level 4 of the Dungeon.
You were not hungry.

You visited 1 branch of the dungeon, and saw 4 of its levels.

You collected 78 gold pieces.

Inventory:

Hand Weapons
 m - a +2 dagger of draining (weapon)
Missiles
 a - 2 needles of confusion
 g - 5 curare-tipped needles
Armour
 l - a +0 ring mail (worn)
Jewellery
 e - a +1 ring of protection (left hand)
 j - a cursed -2 ring of protection (right hand)
Scrolls
 b - 2 scrolls of teleportation
 c - 2 scrolls of immolation
 i - 3 scrolls of identify
 k - a scroll of fog
Potions
 d - a potion of flight
Comestibles
 f - 9 rations


   Skills:
 - Level 3.0 Fighting
 + Level 4.4 Short Blades
   Level 1.0 Maces & Flails
 - Level 1.0 Throwing
 - Level 1.5 Armour
 - Level 3.0 Stealth


You had 3 spell levels left.
You didn't know any spells.

Dungeon Overview and Level Annotations

Branches:
Dungeon (4/15)
 Temple: D:4-7

Altars:


Innate Abilities, Weirdness & Mutations

You cannot wear boots.
Your serpentine skin is tough. (AC +1)
You have supernaturally acute eyesight. (SInv)
Armour fits poorly on your strangely shaped body.
Your system is resistant to poisons. (rPois)
You cover ground very slowly.
You have a slow metabolism.
You can spit poison.


Message History

You hit the gnoll but do no damage. The gnoll hits you with a flail.
The gnoll hits you from afar with a spear!
* * * LOW HITPOINT WARNING * * *
You closely miss the gnoll. The gnoll barely misses you.
Press: ? - help, Shift-Dir - straight line, f - gnoll
Aim: a gnoll, wielding a spear The splash of poison hits the gnoll.
The gnoll is severely wounded.
You feel slightly more hungry.
The gnoll hits you from afar with a spear.
* * * LOW HITPOINT WARNING * * *
You feel better. The gnoll barely misses you.
The gnoll hits you from afar with a spear.
* * * LOW HITPOINT WARNING * * *
You closely miss the gnoll.
The gnoll is severely wounded.
The gnoll hits you from afar with a spear!
* * * LOW HITPOINT WARNING * * *
The gnoll hits you with a flail.
You die...

#.. #.# #.# #.# ##.#
.g# #g# #@# ###.###
#.....#
#.###.###.########.#
#.....# #......<...#
#####.###.##########
#####.....#
.........###
.#######.#


You could see 2 gnolls.

Vanquished Creatures
  An adder (D:3)
  A gnoll (D:4)
  An ooze (D:1)
  An adder skeleton (D:4)
  4 dart slugs
  2 leopard geckos
  10 orcs (D:3)
  9 bats
  6 giant cockroaches
  4 goblins
  3 hobgoblins
  3 jackals (D:2)
  A quokka (D:3)
  A frilled lizard (D:1)
  9 kobolds
  2 rats
58 creatures vanquished.

Notes
Turn   | Place    | Note
-------+----------+-------------------------------------------
     0 | D:1      | wvc the Naga Wanderer began the quest for the Orb.
     0 | D:1      | wvc set off with: a +2 short sword, 2 scrolls of teleportation, a +0 robe, a +0 dagger, a ration
     0 | D:1      | Reached XP level 1. HP: 21/21 MP: 1/1
    92 | D:1      | Reached skill level 2 in Short Blades
    92 | D:1      | Reached XP level 2. HP: 19/28 MP: 2/2
   615 | D:1      | Reached XP level 3. HP: 34/34 MP: 3/3
   882 | D:2      | Reached skill level 3 in Short Blades
  1285 | D:3      | Reached XP level 4. HP: 26/42 MP: 4/4
  1533 | D:3      | Reached skill level 4 in Short Blades
  2115 | D:4      | HP: 1/42 [gnoll/spear (7)]
  2115 | D:4      | Slain by a gnoll

Vault maps used:
D:1:      giann_horns
D:2:      first_ration, trog_book

Skill      XL: |  1  2  3  4 |
---------------+-------------+-----
Short Blades   | 2 3 4 |  4.4
Fighting       | |  3.0
Maces & Flails | |  1.0
Throwing       | |  1.0
Armour         | |  1.5
Stealth        | |  3.0

Action                   |  1- 3 |  4- 6 || total
-------------------------+-------+-------++-------
Melee: Short sword       |    87 |    17 ||   104
       Dagger            |       |    33 ||    33
 Abil: Spit Poison       |     4 |     5 ||     9
  Use: Scroll            |     4 |     3 ||     7
       Potion            |       |     1 ||     1
 Stab: Sleeping          |     1 |       ||     1
  Eat: Chunk             |     1 |     2 ||     3
Armor: Ring mail         |     7 |    12 ||    19
       Robe              |     1 |       ||     1
Dodge: Dodged            |    41 |    19 ||    60

Table legend:
 A = Spawn XP
 B = Non-spawn XP
 C = Spawn XP percentage of total XP
 D = Spawn monster count
 E = Non-spawn monster count
 F = Spawn count percentage of total count
 G = Total turns spent on level
                    A         B        C        D         E        F      G
               +---------+---------+-------+---------+---------+-------+---------
         Total |       0 |     151 |   0.0 |       0 |      58 |   0.0 |  2115
               +---------+---------+-------+---------+---------+-------+---------
           D:1 |       0 |      37 |   0.0 |       0 |      16 |   0.0 |   878
           D:2 |       0 |      27 |   0.0 |       0 |      16 |   0.0 |   368
           D:3 |       0 |      69 |   0.0 |       0 |      24 |   0.0 |   834
           D:4 |       0 |      18 |   0.0 |       0 |       2 |   0.0 |    35
               +---------+---------+-------+---------+---------+-------+---------
